 Dungeon Crawl Stone Soup version 0.28-a0-1524-ge72afd5fc6 (webtiles) character file.

Game seed: 6618282481741283938

60 fragbeetle the Insei (level 3, -3/29 HPs)
             Began as a Draconian Transmuter on Jan 17, 2022.
             Slain by a kobold brigand (7 damage)
             ... in a sewer.
             The game lasted 00:03:01 (1643 turns).

fragbeetle the Insei (Draconian Transmuter)         Turns: 1643, Time: 00:03:02

Health: -3/29      AC:  5    Str: 12    XL:     3   Next: 80%
Magic:  2/6        EV: 12    Int: 13    God:
Gold:   100        SH:  0    Dex: 13    Spells: 2/6 levels left

rFire   . . .      SeeInvis .     - Unarmed
rCold   + . .      Faith    .   (no shield)
rNeg    . . .      Spirit   .   (armour unavailable)
rPois   .          Reflect  .   (helmet currently unavailable)
rElec   .          Harm     .   (no cloak)
rCorr   .          Rampage  .   (no gloves)
Will    .....                   (boots currently unavailable)
Stlth   +.........              (no amulet)
HPRegen 0.09/turn               b - ring of protection from cold
MPRegen 0.10/turn               (no ring)

@: appendages (expiring), very slightly contaminated
A: horns 2, talons 2, AC +5, unfitting armour, cold-blooded
a: End Transformation


You were in a sewer.
You had temporarily grown beastly horns and talons.
You visited 1 branch of the dungeon, and saw 3 of its levels.
You also visited: Sewer.

You collected 100 gold pieces.

Inventory:

Missiles
 c - 51 stones
 h - a poisoned dart
Jewellery
 b - a ring of protection from cold (left hand)
Scrolls
 a - a scroll of acquirement {unknown}
 e - a scroll of teleportation {unknown}
 f - a scroll of fear {unknown}
 g - a scroll of brand weapon {unknown}
Potions
 d - a potion of curing


   Skills:
 + Level 1.7 Fighting
 + Level 2.1 Dodging
 * Level 3.6 Unarmed Combat
 - Level 2.0 Spellcasting
 * Level 2.7 Transmutations
 * Level 1.0 Poison Magic


You had 2 spell levels left.
You knew the following spells:

 Your Spells              Type           Power      Damage    Failure   Level
a - Beastly Appendage     Tmut           16%        N/A       9%          1
b - Spider Form           Tmut/Pois      6%         N/A       34%         3

Your spell library contained the following spells:

 Spells                   Type           Power      Damage    Failure   Level
 Wereblood                Tmut           8%         N/A       12%         2
 Blink                    Tloc           2%         N/A       36%         2
 Sublimation of Blood     Necr           1%         N/A       36%         2
 Lesser Beckoning         Tloc           1%         N/A       58%         3
 Ice Form                 Ice/Tmut       4%         N/A       82%         4
 Petrify                  Tmut/Erth      4%         N/A       82%         4
 Irradiate                Conj/Tmut      2%         3d14      99%         5
 Manifold Assault         Tloc           1%         N/A       100%        5


Dungeon Overview and Level Annotations

Branches:
Dungeon (3/15)              Sewer (1/1)

Altars:
Kikubaaqudgha

Annotations:
D:2 Terence


Innate Abilities, Weirdness & Mutations

You have temporarily grown beastly horns and talons.
Your plain brown scales are hard. (AC +5)
You cannot fit into any form of body armour.
You are cold-blooded and may be slowed by cold attacks.


Message History

Press: ? - help, Shift-Dir - straight line, f - kobold brigand, p - endoplasm
Aim: a kobold brigand, wielding a +0 dagger and quivering poisoned darts (47% to hit)
You throw a poisoned dart.
The poisoned dart closely misses the kobold brigand.
You hear a splash.
The endoplasm hits you but does no damage.
The kobold brigand hits you but does no damage.
You hit the kobold brigand. You tail-slap the kobold brigand.
The kobold brigand is lightly wounded.
The endoplasm freezes you.
You are frozen.
You resist.
The kobold brigand hits you with a +0 dagger.
* * * LOW HITPOINT WARNING * * *
You barely miss the kobold brigand. You claw the kobold brigand.
You headbutt the kobold brigand!
You tail-slap the kobold brigand, but do no damage.
The kobold brigand is heavily wounded.
The endoplasm splashes around in the water.
The kobold brigand hits you with a +0 dagger.
* * * LOW HITPOINT WARNING * * *
It was a potion of curing.
You feel better. The rat closely misses you.
The endoplasm splashes around in the water.
The kobold brigand barely misses you.
You hit the kobold brigand.
You claw the kobold brigand, but do no damage.
Your punch misses the kobold brigand.
The kobold brigand is severely wounded.
Your transformation is almost over.
The rat bites you.
* * * LOW HITPOINT WARNING * * *
The endoplasm freezes you.
You are frozen.
You resist.
* * * LOW HITPOINT WARNING * * *
The kobold brigand barely misses you.
You hit the endoplasm. You tail-slap the endoplasm.
You kill the endoplasm!
The rat bites you.
* * * LOW HITPOINT WARNING * * *
The kobold brigand hits you with a +0 dagger!
You die...

≈# ≈# ≈# ≈#
##≈## ##.≈.##
.≈####r≈...##≈#
.≈≈(≈≈≈@∩.≈≈≈≈≈
.≈####K∩..≈####
##..≈## ##≈##
≈# ≈# ≈# ≈. ≈.


You could see a kobold brigand and a rat.

Vanquished Creatures
  2 adders
  6 ball pythons
  4 endoplasms
  3 giant cockroaches (D:3)
  3 goblins (D:1)
  6 hobgoblins
  6 kobolds
  A quokka (D:1)
  3 bats (D:1)
  2 frilled lizards (D:1)
  A rat (D:1)
37 creatures vanquished.

Notes
Turn   | Place    | Note
-------+----------+-------------------------------------------
     0 | D:1      | fragbeetle the Draconian Transmuter began the quest for the
                  | Orb.
     0 | D:1      | Reached XP level 1. HP: 16/16 MP: 3/3
   148 | D:1      | Reached XP level 2. HP: 20/23 MP: 5/5
   985 | D:2      | Found an ancient bone altar of Kikubaaqudgha.
  1039 | D:2      | Reached XP level 3. HP: 25/28 MP: 4/6
  1043 | D:2      | Learned a level 3 spell: Spider Form
  1141 | D:2      | Noticed Terence
  1539 | D:2      | You fall into a shaft and drop 1 floor!
  1598 | D:3      | Found a glowing drain.
  1619 | Sewer    | Entered a sewer
  1626 | Sewer    | Noticed a kobold brigand
  1631 | Sewer    | Reached skill level 1 in Poison Magic
  1643 | Sewer    | Slain by a kobold brigand

Illustrated notes

Levels and vault maps discovered:
D:1:      heliophobic_arrival_henge, layout_basic, minmay_pentomino_r4
D:2:      layout_basic, basic_altar, uniq_terence
D:3:      layout_loops_ring, mainiacjoe_overflow_catwalk, gup_sewer_entry_glass,
          shapermc_ecumenical_altar_rom_forum, guppyfry_early_lair_pool,
          uniq_crazy_yiuf_cottage
Sewer:    sewer_co_15_rooms

Skill      XL: |  1  2  3 |
---------------+----------+-----
Dodging        | 2 |  2.1
Poison Magic   | 1 |  1.0
Fighting       | |  1.7
Unarmed Combat | |  3.6
Spellcasting   | |  2.0
Transmutations | |  2.7

Action                   || total
-------------------------++-------
Melee: Unarmed           ||    93
       Kick              ||    19
       Headbutt          ||     8
       Tailslap          ||     9
Throw: Dart              ||     2
 Cast: Beastly Appendage ||    22
  Use: Potion            ||     1
Armor: Skin              ||    33
Dodge: Dodged            ||    41

Table legend: (Time is in decaauts)
 A = Elapsed time spent in this place.
 B = Non-inter-level travel time spent in this place.
 C = Inter-level travel time spent in this place.
 D = Time resting spent in this place.
 E = Time spent auto-exploring this place.
 F = Levels seen in this place.
 G = Mean time per level.
                   A        B        C        D        E       F      G
               +--------+--------+--------+--------+--------+-----+--------+
         Total |   1637 |   1606 |     31 |      0 |   1286 |   4 |  409.2 |
       Dungeon |   1613 |   1582 |     31 |      0 |   1286 |   3 |  537.7 |
         Sewer |     23 |     23 |      0 |      0 |      0 |   1 |   23.0 |
               +--------+--------+--------+--------+--------+-----+--------+

Top non-repeatable levels by time:
     D:1: 962 daAuts
     D:2: 571 daAuts
     D:3: 80 daAuts
   Sewer: 23 daAuts
